 Dungeon Crawl Stone Soup version 0.31-a0-845-g9abc20d24f (webtiles) character file.

Game seed: 10296562075254203155

18295 DocSulfur the Spear-Bearer (level 12, 0/142 HPs)
             Began as a Vampire Berserker on Oct 1, 2023.
             Was a High Priest of Trog.
             Slain by an orc knight
             ... wielding a +2 glaive
              (4 damage)
             ... on level 11 of the Dungeon.
             The game lasted 00:35:23 (12083 turns).

DocSulfur the Spear-Bearer (Vampire Berserker)     Turns: 12083, Time: 00:35:24

Health: 0/142      AC: 21    Str: 20    XL:     12   Next: 26%
Magic:  12/12      EV:  8    Int: 10    God:    Trog [*****.]
Gold:   984        SH:  0    Dex: 14    Spells: 11/11 levels left

rFire   + . .        I - +1 halberd (venom)
rCold   . . .        (shield currently unavailable)
rNeg    . . .        L - +2 plate armour {rF+}
rPois   .            l - +0 helmet
rElec   .            V - +2 cloak {Will+}
rCorr   .            P - +1 pair of gloves
SInv    +            (no boots)
Will    ++...        (no amulet) Stlth
                     (no ring)
HPRegen 0.63/turn    (no ring)
MPRegen 0.13/turn

%: no passive effects
@: berserking (expiring), healing quickly, very quick
A: alive, fangs 3, see invisible, vampiric 2
a: Exsanguinate, Renounce Religion, Berserk, Trog's Hand, Brothers in Arms


You were on level 11 of the Dungeon.
You worshipped Trog.
Trog was extremely pleased with you.
You visited 3 branches of the dungeon, and saw 14 of its levels.
You also visited: Bailey.

You collected 984 gold pieces.

Inventory:

Hand Weapons
 I - a +1 halberd of venom (weapon)
 M - a +0 broad axe
Missiles
 c - 54 poisoned darts (quivered)
 f - 12 boomerangs
 i - 13 curare-tipped darts
 r - 6 silver javelins
Armour
 j - a +0 plate armour
 l - a +0 helmet (worn)
 s - a scarf of invisibility
 C - a +3 plate armour of cold resistance
 L - a +2 plate armour of fire resistance (worn)
 P - a +1 pair of gloves (worn)
 V - a +2 cloak of willpower (worn)
Jewellery
 Q - an amulet of regeneration
 T - an amulet of the acrobat
Wands
 b - a wand of polymorph (9)
 k - a wand of flame (50)
 t - a wand of charming (23)
 y - a wand of digging (4)
 F - a wand of mindburst (12)
 K - a wand of roots (6)
Scrolls
 d - 2 scrolls of fear
 g - a scroll of noise
 o - 4 scrolls of teleportation
 p - a scroll of enchant armour {unknown}
 q - 3 scrolls of blinking
 v - 4 scrolls of poison
 w - a scroll of enchant weapon
 x - 3 scrolls of amnesia {unknown}
 A - a scroll of summoning
 E - 4 scrolls of torment
 G - a scroll of brand weapon {unknown}
 N - a scroll of revelation {unknown}
 U - a scroll of acquirement {unknown}
Potions
 a - a potion of might {unknown}
 e - a potion of berserk rage {unknown}
 h - 2 potions of haste {unknown}
 m - 3 potions of mutation {unknown}
 n - 2 potions of cancellation {unknown}
 u - 3 potions of heal wounds
 z - a potion of resistance {unknown}
 B - 4 potions of lignification {unknown}
 D - 2 potions of enlightenment {unknown}
 H - a potion of invisibility {unknown}
 J - a potion of brilliance {unknown}
 O - a potion of attraction {unknown}
 R - 3 potions of curing
 S - a potion of ambrosia {unknown}


   Skills:
 - Level 9.1 Fighting
 - Level 11.2 Polearms
 - Level 7.7 Throwing
 + Level 5.3 Armour
 + Level 6.9 Dodging
 + Level 5.3 Evocations


You had 11 spell levels left.
You didn't know any spells.
Your spell library was empty.

Dungeon Overview and Level Annotations

Branches:
Dungeon (12/15)            Temple (1/1) D:7            Lair (0/5) D:9
    Orc (1/2) D:11         Bailey (visited)

Altars:
Ashenzari
Cheibriados
Dithmenos
Fedhas
Gozag
Hepliaklqana
Kikubaaqudgha
Makhleb
Nemelex Xobeh
Okawaru
Qazlal
Ru
Sif Muna
Trog
Uskayaw
Vehumet
Wu Jian
Xom
Yredelemnul
Jiyva

Shops:
D:8 ?(=!   D:10 [

Annotations:
D:8 3 runed translucent doors, vaaraton's ghost, novice DECj
D:9 3 runed translucent doors, Pascal76's ghost, novice GrGl
D:12 Azrael


Innate Abilities, Weirdness & Mutations

Your natural rate of healing is accelerated.
You have razor-sharp teeth.
You have supernaturally acute eyesight. (SInv)
You are afflicted with vampirism and can become a bat while bloodless.


Message History

The orc knight closely misses you.
You take 8 damage, and have 76/142 hp.
You puncture the orc knight!
The orc knight is heavily wounded.
The orc warrior hits you with a +0 glaive!
The orc knight roars a battlecry!
The orc warrior goes into a battle-frenzy!
You take 12 damage, and have 64/142 hp.
You barely miss the orc knight. Your bite misses the orc knight.
The orc knight is heavily wounded.
You puncture the orc knight! You bite the orc knight.
The orc knight is severely wounded.
The orc warrior hits you but does no damage.
The orc knight hits you with a +2 glaive!
You take 8 damage, and have 57/142 hp.
You barely miss the orc knight.
The orc knight is severely wounded.
The orc warrior hits you with a +0 glaive!
* * * LOW HITPOINT WARNING * * *
You take 17 damage, and have 40/142 hp.
You closely miss the orc knight. Your bite misses the orc knight.
The orc knight is severely wounded.
The orc knight hits you with a +2 glaive.
* * * LOW HITPOINT WARNING * * *
You take 2 damage, and have 38/142 hp.
You barely miss the orc knight.
The orc knight is severely wounded.
The orc warrior hits you with a +0 glaive!!
* * * LOW HITPOINT WARNING * * *
The orc knight hits you with a +2 glaive.
* * * LOW HITPOINT WARNING * * *
You take 31 damage, and have 7/142 hp.
MASSIVE DAMAGE!!
You hit the orc knight.
The orc knight is poisoned.
The orc knight is almost dead.
You closely miss the orc knight.
The orc knight is almost dead.
The orc warrior hits you with a +0 glaive.
* * * LOW HITPOINT WARNING * * *
The orc knight hits you with a +2 glaive.
You die...

.......###[# #.#####.........#
#####...##[########...#.........#
###%##)#.....##...#<........#
#.##.8.....##...#.........#
#....'.....##...#.........#
####.8..⌠..##...#.........#
#.#.....##...'.........#
#.#...o.##...'...#######
########.#8._.@######...#
###........#....o#........#
...........#.....#........#
...........8..⌠..#.......##
########...'.....#.......#
#...8.....######..#
#...#.....##...#..########
#...########...#.........# #.<##
#..#...#.........#


You could see an orc knight (very poisoned) and an orc warrior (strong).

Vanquished Creatures
  Frances (D:12)
  Snorg (D:12)
  A fire dragon (D:11)
  A boulder beetle (D:11)
  2 two-headed ogres
  Amaemon (D:8)
  2 orc knights
  Joseph (D:9)
  An elephant (D:9)
  Maurice (D:11)
  An orange demon (D:8)
  Psyche (D:8)
  A kobold demonologist (D:12)
  A komodo dragon (D:12)
  2 polar bears (D:8)
  A wraith (D:9)
  3 wyverns
  22 yaks
  A vampire (D:10)
  2 humans (D:9)
  2 basilisks
  Edmund (D:4)
  7 vampire mosquitoes
  An acid dragon (D:9)
  2 water moccasins
  7 orc warriors
  2 ice beasts
  3 black bears
  A wolf (D:8)
  An ogre (D:5)
  4 centaurs
  10 kobold brigands
  2 bullfrogs
  3 scorpions
  7 wights (D:8)
  3 killer bees
  2 electric eels
  4 howler monkeys
  2 jellies
  3 hounds
  7 orc priests
  A sleepcap (D:4)
  Jessica (D:2)
  2 gnoll boudas (D:7)
  3 iguanas
  15 orc wizards
  Robin (D:2)
  6 adders
  11 gnolls
  4 white imps
  2 ufetubi
  6 worms
  A dart slug (D:3)
  48 orcs
  4 bats
  An endoplasm (D:1)
  2 giant cockroaches
  10 hobgoblins
  6 jackals
  26 kobolds
  2 quokkas (D:1)
  6 ball pythons
  3 frilled lizards
  11 goblins
  5 rats
298 creatures vanquished.

Vanquished Creatures (others)
  A killer bee (D:7)
  An adder (D:4)
2 creatures vanquished.

Grand Total: 300 creatures vanquished

Notes
Turn   | Place    | Note
-------+----------+-------------------------------------------
     0 | D:1      | DocSulfur the Vampire Berserker began the quest for the
                  | Orb.
     0 | D:1      | Reached XP level 1. HP: 17/17 MP: 1/1
    79 | D:1      | Reached skill level 3 in Polearms
   201 | D:1      | Reached XP level 2. HP: 20/23 MP: 2/2
   766 | D:2      | Noticed Robin
   810 | D:2      | Gained mutation: You are afflicted with vampirism and can
                  | become a bat while bloodless. [Vampire growth]
   810 | D:2      | Reached XP level 3. HP: 25/28 MP: 3/3
   829 | D:2      | Reached ** piety under Trog
   848 | D:2      | Killed Robin
   849 | D:2      | Reached skill level 4 in Polearms
   857 | D:2      | Noticed Jessica
   924 | D:2      | Killed Jessica
   925 | D:2      | Reached XP level 4. HP: 31/34 MP: 4/4
  1636 | D:3      | Found an ornate altar of the Wu Jian Council.
  1809 | D:4      | Reached skill level 5 in Polearms
  1861 | D:4      | Noticed a scorpion
  1871 | D:4      | Killed a scorpion
  1872 | D:4      | Reached XP level 5. HP: 39/39 MP: 5/5
  2061 | D:4      | Noticed Edmund
  2090 | D:4      | Killed Edmund
  2091 | D:4      | Reached skill level 6 in Polearms
  2091 | D:4      | Reached XP level 6. HP: 46/46 MP: 6/6
  2301 | D:4      | You fall into a shaft and drop 1 floor!
  2301 | D:5      | Entered Level 5 of the Dungeon
  2730 | D:5      | Reached skill level 7 in Polearms
  2765 | D:5      | Reached XP level 7. HP: 30/51 MP: 7/7
  2946 | D:5      | Reached skill level 8 in Polearms
  3107 | D:5      | Reached *** piety under Trog
  3239 | D:5      | Found a sacrificial altar of Ru.
  3410 | D:5      | Identified the +0 rapier of Distant Shores {venom, Fly
                  | rElec Str-4}
  3689 | D:6      | Noticed a wyvern
  3699 | D:5      | Killed a wyvern
  3700 | D:5      | Reached skill level 9 in Polearms
  3700 | D:5      | Reached XP level 8. HP: 31/57 MP: 8/8
  4308 | D:7      | Found a hazy altar of Hepliaklqana.
  4332 | D:7      | Found a shadowy altar of Dithmenos.
  4332 | D:7      | Found a hide-covered altar of Uskayaw.
  4454 | D:7      | Reached skill level 10 in Polearms
  4819 | D:7      | Found a staircase to the Ecumenical Temple.
  4852 | Temple   | Entered the Ecumenical Temple
  4952 | D:7      | Reached skill level 11 in Polearms
  5082 | D:7      | Reached XP level 9. HP: 43/62 MP: 9/9
  5419 | D:8      | Found Ewkaur's Jewellery Shoppe.
  5527 | D:8      | Found a runed translucent gate.
  5527 | D:8      | Found a runed translucent gate.
  5528 | D:8      | Found a runed translucent gate.
  5528 | D:8      | Noticed vaaraton's ghost (novice DECj)
  5542 | D:8      | Noticed Amaemon
  5622 | D:8      | Reached skill level 1 in Throwing
  5795 | D:8      | Found Fuiwk's Distillery.
  5881 | D:8      | Reached skill level 5 in Fighting
  6054 | D:8      | Reached XP level 10. HP: 42/76 MP: 10/10
  6146 | D:8      | Noticed an orange demon
  6168 | D:8      | Killed an orange demon
  6168 | D:8      | Reached **** piety under Trog
  6169 | D:8      | Reached skill level 5 in Throwing
  6186 | D:8      | Killed Amaemon
  6569 | D:8      | Found Icuununiy's Antique Weapon Emporium.
  6641 | D:8      | Noticed Psyche
  6647 | D:8      | Killed Psyche
  6726 | D:8      | Found Diugurag's Magic Scroll Shoppe.
  7044 | D:8      | Found a viscous altar of Jiyva.
  7396 | D:9      | Found an iron altar of Okawaru.
  7435 | D:9      | Noticed Joseph
  7448 | D:9      | Killed Joseph
  7497 | D:9      | Noticed an elephant
  7521 | D:9      | Killed an elephant
  7572 | D:9      | Found a flagged portal.
  7581 | Bailey   | Entered a bailey
  7644 | Bailey   | Reached XP level 11. HP: 79/87 MP: 11/11
  7842 | Bailey   | Noticed an orc knight
  7856 | Bailey   | Killed an orc knight
  7952 | Bailey   | Found a burning altar of Makhleb.
  8119 | D:9      | Found a runed translucent gate.
  8119 | D:9      | Found a runed translucent gate.
  8119 | D:9      | Found a runed translucent gate.
  8187 | D:9      | Noticed Pascal76's ghost (novice GrGl)
  8198 | D:9      | Found a staircase to the Lair.
  8690 | D:10     | Entered Level 10 of the Dungeon
  9072 | D:10     | Found Gawain's Dragon-Slaying Spoils.
  9371 | D:10     | Noticed a two-headed ogre
  9537 | D:10     | Reached skill level 1 in Evocations
  9550 | D:10     | Killed a two-headed ogre
  9787 | D:11     | Noticed an orc knight
  9973 | D:11     | Found a staircase to the Orcish Mines.
  9995 | D:11     | Noticed a boulder beetle
 10008 | D:11     | Killed a boulder beetle
 10057 | D:11     | Noticed a two-headed ogre
 10074 | D:11     | Killed a two-headed ogre
 10242 | D:11     | Noticed a fire dragon
 10418 | D:12     | Noticed a soul eater
 10571 | D:12     | Reached skill level 5 in Dodging
 10750 | D:12     | Reached ***** piety under Trog
 10806 | D:12     | Noticed Snorg
 10820 | D:12     | Killed Snorg
 10909 | D:12     | Noticed Azrael
 11209 | D:11     | Killed an orc knight
 11210 | D:11     | Reached XP level 12. HP: 95/95 MP: 12/12
 11263 | D:11     | Noticed Maurice
 11282 | D:11     | Killed Maurice
 11476 | D:11     | Killed a fire dragon
 11724 | D:12     | Noticed Frances
 11738 | D:12     | Killed Frances
 11739 | D:12     | Reached skill level 5 in Armour
 11739 | D:12     | Reached skill level 5 in Evocations
 12012 | Orc:1    | Entered Level 1 of the Orcish Mines
 12081 | D:11     | HP: 7/142 [orc knight/+2 glaive (4)]
 12083 | D:11     | Slain by an orc knight

Illustrated notes

Levels and vault maps discovered:
D:1:      scummos_arrival_hexagon, layout_basic
D:2:      layout_rooms, minmay_distorted, uniq_jessica, uniq_robin
D:3:      layout_rooms, pdpol_wu_jian_five_deadly_venoms, hex_intersection
D:4:      layout_basic, uniq_edmund
D:5:      layout_cave_pools, lemuel_tele_altar,
          nicolae_concentric_dashed_squares_wild
D:6:      layout_cave_pools, chequers_serial_rivers_micro_d, minivault_4
D:7:      layout_loops_cross, chequers_temple_overflow_statue_of_worship,
          minmay_temple_entry_waves
D:8:      layout_loops_ring, serial_shops, nicolae_shop_rolled_up,
          nicolae_stop_n_shop_1, nicolae_shop_tiny_real_fake_doors,
          nicolae_shop_trees, serial_ice, serial_ice_l, serial_ice_n,
          serial_ice_b, serial_ice_f, gammafunk_ghost_ooze, uniq_psyche,
          uniq_amaemon
D:9:      layout_basic, okawaru_humans, david_lair_generic, enter_bailey_2,
          gammafunk_ghost_spectres, uniq_joseph
D:10:     layout_irregular_city, nicolae_shop_dragon_depot,
          hangedman_decor_points, kennysheep_generic_room_5
D:11:     layout_irregular_city, david_orc_5, uniq_maurice
D:12:     layout_irregular_city, gammafunk_ghost_necromancy, uniq_frances,
          uniq_azrael, uniq_snorg
Temple:   eino_temple_scatter_basement
Orc:1:    layout_caves, uniq_nergalle, uniq_erica

Skill      XL: |  1  2  3  4  5  6  7  8  9 10 11 12 |
---------------+-------------------------------------+-----
Polearms       | 3 4 5 6 7 9 11 | 11.2
Fighting       | 6 8 9 |  9.1
Throwing       | 4 7 |  7.7
Armour         | 4 5 |  5.3
Evocations     | 4 5 |  5.3
Dodging        | 5 6 |  6.9

Action                     |  1- 3 |  4- 6 |  7- 9 | 10-12 || total
---------------------------+-------+-------+-------+-------++-------
  Melee: Spear             |   111 |   180 |   248 |       ||   539
         Bite              |    13 |    17 |    57 |    59 ||   146
         Punch             |     1 |       |       |       ||     1
         Halberd           |       |       |   188 |   558 ||   746
  Throw: Dart              |       |     7 |       |    27 ||    34
         Javelin           |       |       |       |     6 ||     6
         Boomerang         |       |       |       |     3 ||     3
 Invoke: Berserk           |     1 |     3 |     7 |    12 ||    23
         Trog's Hand       |       |       |     3 |     4 ||     7
  Evoke: Wand              |       |     2 |     5 |    10 ||    17
    Use: Scroll            |       |     4 |     4 |     4 ||    12
         Potion            |       |       |     2 |     2 ||     4
 Armour: Animal skin       |    20 |       |       |       ||    20
         Plate armour      |    15 |   103 |   368 |   579 ||  1065
  Dodge: Dodged            |    33 |    32 |    98 |   200 ||   363

Table legend: (Time is in decaauts)
 A = Elapsed time spent in this place.
 B = Non-inter-level travel time spent in this place.
 C = Inter-level travel time spent in this place.
 D = Time resting spent in this place.
 E = Time spent auto-exploring this place.
 F = Levels seen in this place.
 G = Mean time per level.
                   A        B        C        D        E       F      G
               +--------+--------+--------+--------+--------+-----+--------+
         Total |  12198 |  11622 |    576 |   2071 |   5543 |  15 |  813.2 |
       Dungeon |  11601 |  11025 |    576 |   1864 |   5543 |  12 |  966.8 |
        Temple |    105 |    105 |      0 |     95 |      0 |   1 |  105.0 |
  Orcish Mines |     20 |     20 |      0 |      0 |      0 |   1 |   20.0 |
        Bailey |    471 |    471 |      0 |    111 |      0 |   1 |  471.0 |
               +--------+--------+--------+--------+--------+-----+--------+

Top non-repeatable levels by time:
     D:8: 1630 daAuts
    D:11: 1585 daAuts
     D:9: 1276 daAuts
    D:10: 1167 daAuts
     D:7: 1105 daAuts
     D:4: 1013 daAuts
     D:5: 870 daAuts
     D:1: 776 daAuts
     D:6: 637 daAuts
    D:12: 605 daAuts
     D:2: 522 daAuts
  Bailey: 471 daAuts
     D:3: 409 daAuts
  Temple: 105 daAuts
   Orc:1: 20 daAuts
